 Dungeon Crawl Stone Soup version 0.28-a0-938-gbc3f381ebc (webtiles) character file.

Game seed: 2514927240427753072

435 shoop the Chucker (level 7, -7/65 HPs)
             Began as an Ogre Arcane Marksman on Nov 29, 2021.
             Mangled by an iguana (10 damage)
             ... on level 4 of the Dungeon.
             The game lasted 00:09:44 (5862 turns).

shoop the Chucker (Ogre Arcane Marksman)            Turns: 5862, Time: 00:09:44

Health: -7/65      AC:  5    Str: 23    XL:     7   Next: 0%
Magic:  9/11       EV: 10    Int: 14    God:
Gold:   176        SH:  0    Dex:  9    Spells: 7/11 levels left

rFire   + . .      SeeInvis .   n - +0 quarterstaff
rCold   . . .      Faith    .   (shield currently unavailable)
rNeg    . . .      Spirit   .   m - +1 robe {rF+}
rPois   .          Reflect  .   (helmet restricted)
rElec   .          Harm     .   x - +0 cloak
rCorr   .          Rampage  .   (gloves unavailable)
Will    .....                   (boots unavailable)
Stlth   +.........              (no amulet)
HPRegen 0.20/turn               i - +6 ring of strength
MPRegen 0.12/turn               (no ring)

@: no status effects
A: large, unfitting armour, tough skin 1
a: no special abilities


You were on level 4 of the Dungeon.
You visited 1 branch of the dungeon, and saw 4 of its levels.

You collected 176 gold pieces.

Inventory:

Hand Weapons
 d - a +0 dagger
 e - a +0 short sword
 f - a +0 hand axe
 n - a +0 quarterstaff (weapon)
Missiles
 b - 4 large rocks
 c - a throwing net
 p - 2 curare-tipped darts
 r - 3 boomerangs
 t - 2 poisoned darts (quivered)
Armour
 a - a +0 robe
 m - a +1 robe of fire resistance (worn)
 x - a +0 cloak (worn)
Jewellery
 i - a +6 ring of strength (left hand)
Wands
 s - a wand of acid (5)
Scrolls
 h - a scroll of fog {unknown}
 k - a scroll of acquirement {unknown}
 q - 2 scrolls of enchant weapon {unknown}
 v - a scroll of summoning {unknown}
 w - a scroll of amnesia {unknown}
Potions
 g - 2 potions of haste {unknown}
 j - a potion of heal wounds {unknown}
 l - 2 potions of lignification {unknown}
 o - a potion of flight {unknown}
 u - 2 potions of curing


   Skills:
 - Level 2.1 Fighting
 - Level 4.0 Throwing
 - Level 2.0 Dodging
 - Level 1.0 Stealth
 + Level 2.6 Spellcasting
 + Level 3.3 Hexes
 + Level 1.7 Fire Magic
 - Level 3.0 Evocations


You had 7 spell levels left.
You knew the following spells:

 Your Spells              Type           Power      Damage    Failure   Level
a - Slow                  Hex            44%        N/A       5%          1
c - Inner Flame           Hex/Fire       9%         N/A       24%         3

Your spell library contained the following spells:

 Spells                   Type           Power      Damage    Failure   Level
 Sandblast                Erth           2%         2d4       22%         1
 Portal Projectile        Hex/Tloc       12%        N/A       32%         3
 Conjure Flame            Conj/Fire      4%         6-21      43%         3
 Ignite Poison            Fire/Tmut/Pois 3%         N/A       47%         3
 Cause Fear               Hex            5%         N/A       50%         4
 Stone Arrow              Conj/Erth      2%         3d7       54%         3
 Sticky Flame             Conj/Fire      4%         2d3       83%         4
 Excruciating Wounds      Necr           0%         N/A       99%         5
 Necromutation            Tmut/Necr      0%         N/A       100%        8


Dungeon Overview and Level Annotations

Branches:
Dungeon (4/15)
 Temple: D:4-7

Altars:

Shops:
D:3 =


Innate Abilities, Weirdness & Mutations

You are too large for most types of armour.
You have tough skin. (AC +1)


Message History

An adder comes into view.
You hit the iguana.
The iguana is lightly wounded.
The iguana hisses menacingly.
The iguana closely misses you.
You closely miss the iguana.
The iguana is lightly wounded.
The iguana bites you. The adder closely misses you. The iguana bites you.
You hit the iguana but do no damage. The adder bites you.
You are poisoned.
The adder poisons you! The iguana bites you. The adder barely misses you.
You feel sick.
You hit the adder.
The adder is moderately wounded.
You feel sick. The adder bites you. x2
You sock the adder!
You kill the adder!
You feel sick. The iguana misses you.
You have reached level 7!
You sock the iguana!
The iguana is severely wounded.
You feel sick. The iguana bites you!
You are too injured to fight recklessly!
You are too injured to fight recklessly!
You are too injured to fight recklessly!
You closely miss the iguana.
The iguana is severely wounded.
You feel sick.
You are no longer poisoned.
The iguana bites you!
* * * LOW HITPOINT WARNING * * *
You hit the iguana.
The iguana is almost dead.
The iguana bites you.
* * * LOW HITPOINT WARNING * * *
The iguana barely misses you.
You closely miss the iguana.
The iguana is almost dead.
The iguana bites you!
You die...

###.##.# #.##
#......# #.#
#.###### #.#
#.# #.# # #.#
#.# #. #.# #.##
##.# #.# #...
####...### #.#
####
.......l@####.#
......###.....#
..... #.#####
.... #.# ...
.## ## ##


You could see an iguana.

Vanquished Creatures
  A sky beast (D:4)
  A howler monkey (D:4)
  A hound (D:4)
  2 orc wizards (D:4)
  Terence (D:2)
  Robin (D:1)
  4 gnolls
  4 adders
  3 worms
  2 dart slugs (D:1)
  An orc (D:4)
  5 ball pythons
  8 endoplasms
  8 giant cockroaches
  13 goblins
  9 hobgoblins
  9 jackals
  6 quokkas
  3 bats
  4 frilled lizards
  9 kobolds
  3 rats (D:2)
98 creatures vanquished.

Vanquished Creatures (others)
  9 plants (D:1)
9 creatures vanquished.

Grand Total: 107 creatures vanquished

Notes
Turn   | Place    | Note
-------+----------+-------------------------------------------
     0 | D:1      | shoop the Ogre Arcane Marksman began the quest for the Orb.
     0 | D:1      | Reached XP level 1. HP: 19/19 MP: 2/2
   246 | D:1      | Got the Guide on Doomed Clay
   342 | D:1      | Reached XP level 2. HP: 26/28 MP: 3/3
   429 | D:1      | Reached skill level 1 in Stealth
   646 | D:2      | Noticed Terence
   669 | D:2      | Killed Terence
   670 | D:2      | Reached XP level 3. HP: 11/35 MP: 4/4
   945 | D:1      | Reached skill level 3 in Throwing
  1613 | D:2      | Noticed Robin
  1632 | D:2      | Reached XP level 4. HP: 41/42 MP: 5/5
  1647 | D:1      | Killed Robin
  1652 | D:1      | Learned a level 3 spell: Inner Flame
  2462 | D:2      | Reached skill level 4 in Throwing
  2548 | D:2      | Found a faded altar of an unknown god.
  3158 | D:3      | Found Feusuif's Jewellery Shoppe.
  3189 | D:3      | Reached XP level 5. HP: 38/49 MP: 7/7
  3492 | D:2      | Reached skill level 1 in Fire Magic
  4660 | D:3      | Reached skill level 1 in Evocations
  4868 | D:4      | Reached XP level 6. HP: 24/57 MP: 9/9
  5600 | D:4      | Noticed a sky beast
  5608 | D:4      | Killed a sky beast
  5859 | D:4      | Reached XP level 7. HP: 35/65 MP: 9/11
  5861 | D:4      | HP: 3/65 [iguana (6)]
  5862 | D:4      | Mangled by an iguana

Illustrated notes

Levels and vault maps discovered:
D:1:      dpeg_arrival_tiny_a, layout_rooms, serial_forest,
          infiniplex_forest_clump_curved, infiniplex_forest_straight_1,
          infiniplex_forest_corner_2, infiniplex_forest_clump_medium,
          infiniplex_forest_clump_double
D:2:      layout_basic, ebering_ecumenical_altar_abandoned, uniq_terence,
          uniq_robin
D:3:      layout_loops_corners, serial_shops, shop
D:4:      layout_loops_corners, gammafunk_ghost_cemetery, uniq_blork_the_orc

Skill      XL: |  1  2  3  4  5  6 |
---------------+-------------------+-----
Fighting       | 2 |  2.1
Stealth        | 1 |  1.0
Dodging        | 2 |  2.0
Throwing       | 3 4 |  4.0
Hexes          | 3 |  3.3
Fire Magic     | 1 |  1.7
Spellcasting   | 2 |  2.6
Evocations     | 1 3 |  3.0

Action                   |  1- 3 |  4- 6 |  7- 9 || total
-------------------------+-------+-------+-------++-------
Melee: Dagger            |    69 |       |       ||    69
       Short sword       |    18 |       |       ||    18
       Hand axe          |    68 |    99 |       ||   167
       Quarterstaff      |       |   176 |     4 ||   180
Throw: Large rock        |     1 |     1 |       ||     2
       Throwing net      |     1 |       |       ||     1
       Dart              |       |     3 |       ||     3
 Stab: Sleeping          |       |     3 |       ||     3
Armor: Robe              |    53 |    81 |       ||   134
Dodge: Dodged            |    81 |   153 |     1 ||   235

Table legend: (Time is in decaauts)
 A = Elapsed time spent in this place.
 B = Non-inter-level travel time spent in this place.
 C = Inter-level travel time spent in this place.
 D = Time resting spent in this place.
 E = Time spent auto-exploring this place.
 F = Levels seen in this place.
 G = Mean time per level.
                   A        B        C        D        E       F      G
               +--------+--------+--------+--------+--------+-----+--------+
         Total |   5970 |   5854 |    116 |    712 |   4035 |   4 | 1492.5 |
       Dungeon |   5970 |   5854 |    116 |    712 |   4035 |   4 | 1492.5 |
               +--------+--------+--------+--------+--------+-----+--------+

Top non-repeatable levels by time:
     D:2: 1807 daAuts
     D:1: 1613 daAuts
     D:3: 1415 daAuts
     D:4: 1134 daAuts
